 Dungeon Crawl Stone Soup version 0.22.1 (webtiles) character file.

3766 Riddle the Nimble (level 10, -5/80 HPs)
             Began as a Gnoll Monk on Sept 17, 2018.
             Was a Priest of Yredelemnul.
             Slain by a komodo dragon (14 damage)
             ... on level 8 of the Dungeon.
             The game lasted 00:24:51 (10075 turns).

Riddle the Nimble (Gnoll Monk)                     Turns: 10075, Time: 00:24:52

Health: -5/80      AC: 11    Str: 14    XL:     10   Next: 16%
Magic:  17/17      EV: 17    Int: 12    God:    Yredelemnul [***...]
Gold:   356        SH:  0    Dex: 21    Spells: 18/18 levels left

rFire    . . .     SeeInvis .   q - +5 great sword
rCold    . . .     Gourm    .   (shield currently unavailable)
rNeg     + . .     Faith    .   o - +2 ring mail {rN+}
rPois    .         Spirit   .   (no helmet)
rElec    .         Reflect  .   f - +2 cloak
rCorr    .         Harm     .   (no gloves)
MR       .....                  (no boots)
Stlth    +++.......             r - amulet of magic regeneration
HPRegen  0.23/turn              (no ring)
MPRegen  0.40/turn              (no ring)

@: no status effects
A: distributed training, fangs 1, strong nose
a: Recall Undead Slaves, Injury Mirror, Animate Dead, Renounce Religion


You were on level 8 of the Dungeon.
You worshipped Yredelemnul.
Yredelemnul was most pleased with you.
You were near starving.

You visited 2 branches of the dungeon, and saw 9 of its levels.

You collected 356 gold pieces.

Inventory:

Hand Weapons
 q - a +5 great sword (weapon)
Armour
 f - a +2 cloak (worn)
 o - a +2 ring mail of positive energy (worn)
Jewellery
 r - an amulet of magic regeneration (around neck)
Scrolls
 d - 4 scrolls of fog {unknown}
 e - 3 scrolls of remove curse {unknown}
 g - 3 scrolls of blinking {unknown}
 h - 8 scrolls of identify
 k - 2 scrolls of noise {unknown}
 l - 2 scrolls of enchant armour {unknown}
 m - 2 scrolls of random uselessness {unknown}
 p - 6 scrolls of teleportation {unknown}
 u - 2 scrolls of enchant weapon {unknown}
 v - a scroll of immolation {unknown}
 w - a scroll of holy word {unknown}
Potions
 b - a potion of brilliance {unknown}
 i - 5 potions of lignification {unknown}
 j - 2 potions of degeneration {unknown}
 n - 4 potions of haste {unknown}
 s - a potion of mutation {unknown}
 t - a potion of curing {unknown}
Comestibles
 c - 14 rations


   Skills:
 + Level 8.3 Fighting
 + Level 4.9 Short Blades
 + Level 8.3 Long Blades
 + Level 4.9 Axes
 + Level 4.9 Maces & Flails
 + Level 4.9 Polearms
 + Level 4.9 Staves
 + Level 4.9 Slings
 + Level 4.9 Bows
 + Level 4.9 Crossbows
 + Level 4.9 Throwing
 + Level 4.9 Armour
 + Level 8.3 Dodging
 + Level 6.5 Stealth
 + Level 4.9 Shields
 + Level 4.9 Unarmed Combat
 + Level 4.9 Spellcasting
 + Level 4.0 Conjurations
 + Level 4.0 Hexes
 + Level 4.0 Charms
 + Level 4.0 Summonings
 + Level 4.0 Necromancy
 + Level 4.0 Translocations
 + Level 4.0 Transmutations
 + Level 4.0 Fire Magic
 + Level 4.0 Ice Magic
 + Level 4.0 Air Magic
 + Level 4.0 Earth Magic
 + Level 4.0 Poison Magic
 + Level 5.4 Invocations
 + Level 4.9 Evocations


You had 18 spell levels left.
You didn't know any spells.
Your spell library contained the following spells:

 Spells                   Type           Power        Failure   Level  Hunger
 Sandblast                Erth           ##....       8%          1    None
 Passwall                 Tmut/Erth      ##......     11%         2    ##.....
 Stone Arrow              Conj/Erth      ##....       22%         3    ###....
 Petrify                  Tmut/Erth      ##......     58%         4    ####...
 Lee's Rapid Deconstruct  Erth           ##........   90%         5    ######.


Dungeon Overview and Level Annotations

Branches:
Dungeon (8/15)             Temple (1/1) D:4
   Lair: D:8-11

Altars:
Ashenzari
Cheibriados
Dithmenos
Elyvilon
Fedhas
Gozag
Hepliaklqana
Kikubaaqudgha
Makhleb
Nemelex Xobeh
Okawaru
Qazlal
Ru
Sif Muna
Trog
Uskayaw
Vehumet
Wu Jian
Xom
Yredelemnul
Zin
The Shining One

Shops:
D:5 ?   D:7 %

Annotations:
D:5 Grinder
D:8 Maurice


Innate Abilities, Weirdness & Mutations

Your experience applies equally to all skills.
You have very sharp teeth.
Your uncanny sense of smell can sniff out nearby items.


Message History

The komodo dragon is almost dead.
The komodo dragon closely misses you. The komodo dragon bites you.
* * * LOW HITPOINT WARNING * * *
You slash the komodo dragon!
You kill the komodo dragon!
Yredelemnul accepts your kill.
You hit the komodo dragon.
The komodo dragon is lightly wounded.
You are no longer corroded.
The komodo dragon completely misses you.
You barely miss the komodo dragon.
The komodo dragon is lightly wounded.
The komodo dragon bites you.
* * * LOW HITPOINT WARNING * * *
You hit the komodo dragon.
You bite the komodo dragon, but do no damage.
The komodo dragon is lightly wounded.
The komodo dragon closely misses you. The komodo dragon bites you!
You die...
Your body rises from the dead as a mindless zombie.

##### ### ∆
####..#.####.##### ###
##..#.###.......l.###
.#..)###.##........###.....#
.................#.#
####..###
.[............#.#### ###...
....#.....#.l####.# ####
#....#..t..##@...### #
..##..###.######.#.# ##. ###
#.))# ############# ##### ##
............# #.
######Z#'#### ####. #Z#.#
#.... #Z### #.... #Z# #....


You could see a komodo dragon.

Vanquished Creatures
  Harold (D:8)
  2 komodo dragons (D:8)
  An acid dragon (D:8)
  3 orc warriors
  A necrophage (D:6)
  An ice beast (D:6)
  3 centaurs
  5 ogres (D:6)
  A bullfrog (D:8)
  A gnoll sergeant (D:7)
  3 scorpions
  3 wights
  3 crimson imps
  4 orc wizards
  2 centaur skeletons
  An orc priest (D:8)
  A hound (D:6)
  2 bullfrog skeletons
  2 jellies (D:7)
  2 iguanas (D:6)
  4 worker ants
  A killer bee zombie (D:6)
  A hound zombie (D:6)
  A hound skeleton (D:6)
  6 gnolls
  A howler monkey skeleton (D:6)
  5 adders
  4 shadow imps
  An ooze (D:1)
  An adder skeleton (D:3)
  3 worms
  5 leopard geckos
  29 orcs
  2 ball pythons
  5 giant cockroaches
  5 goblins
  8 hobgoblins
  21 jackals
  4 kobolds
  3 quokkas
  10 bats
  3 frilled lizards
  A leopard gecko zombie (D:6)
  6 rats
172 creatures vanquished.

Vanquished Creatures (others)
  A worker ant zombie (D:8)
  A gnoll zombie (D:7)
  4 jackal zombies (D:8)
  4 orc zombies
10 creatures vanquished.

Grand Total: 182 creatures vanquished

Notes
Turn   | Place    | Note
-------+----------+-------------------------------------------
     0 | D:1      | Riddle the Gnoll Monk began the quest for the Orb.
     0 | D:1      | Reached XP level 1. HP: 23/23 MP: 1/1
   106 | D:1      | Reached XP level 2. HP: 21/29 MP: 2/2
   300 | D:1      | Reached XP level 3. HP: 33/35 MP: 3/3
   636 | D:2      | Reached skill level 1 in Invocations
   728 | D:2      | Reached skill level 1 in Short Blades
   728 | D:2      | Reached skill level 1 in Axes
   728 | D:2      | Reached skill level 1 in Maces & Flails
   728 | D:2      | Reached skill level 1 in Polearms
   728 | D:2      | Reached skill level 1 in Staves
   728 | D:2      | Reached skill level 1 in Slings
   728 | D:2      | Reached skill level 1 in Bows
   728 | D:2      | Reached skill level 1 in Crossbows
   728 | D:2      | Reached skill level 1 in Throwing
   728 | D:2      | Reached skill level 1 in Armour
   728 | D:2      | Reached skill level 1 in Shields
   728 | D:2      | Reached skill level 1 in Unarmed Combat
   728 | D:2      | Reached skill level 1 in Spellcasting
   728 | D:2      | Reached skill level 1 in Evocations
   870 | D:2      | Reached XP level 4. HP: 41/41 MP: 5/5
  2192 | D:3      | Reached skill level 1 in Conjurations
  2192 | D:3      | Reached skill level 1 in Hexes
  2192 | D:3      | Reached skill level 1 in Charms
  2192 | D:3      | Reached skill level 1 in Summonings
  2192 | D:3      | Reached skill level 1 in Necromancy
  2192 | D:3      | Reached skill level 1 in Translocations
  2192 | D:3      | Reached skill level 1 in Transmutations
  2192 | D:3      | Reached skill level 1 in Fire Magic
  2192 | D:3      | Reached skill level 1 in Ice Magic
  2192 | D:3      | Reached skill level 1 in Air Magic
  2192 | D:3      | Reached skill level 1 in Earth Magic
  2192 | D:3      | Reached skill level 1 in Poison Magic
  2192 | D:3      | Reached XP level 5. HP: 25/47 MP: 6/6
  2801 | D:4      | Found a staircase to the Ecumenical Temple.
  2850 | Temple   | Entered the Ecumenical Temple
  3137 | Temple   | Became a worshipper of Yredelemnul the Dark
  3137 | Temple   | Reached * piety under Yredelemnul
  3137 | Temple   | Reached ** piety under Yredelemnul
  3199 | D:4      | Reached XP level 6. HP: 53/53 MP: 8/8
  3291 | D:4      | Found a shattered altar of Ashenzari.
  3979 | D:5      | Entered Level 5 of the Dungeon
  4069 | D:5      | Reached XP level 7. HP: 47/59 MP: 10/10
  4489 | D:5      | Found Aficsaxe's Magic Scroll Shop.
  4630 | D:5      | Noticed Grinder
  4769 | D:5      | Reached skill level 5 in Stealth
  5403 | D:6      | Reached XP level 8. HP: 54/67 MP: 12/12
  6969 | D:7      | Found a glowing golden altar of the Shining One.
  7079 | D:7      | Reached *** piety under Yredelemnul
  7079 | D:7      | Reached XP level 9. HP: 68/72 MP: 14/14
  7131 | D:7      | Found Sieqah's Food Emporium.
  8165 | D:7      | Found a sparkling altar of Nemelex Xobeh.
  8572 | D:8      | Noticed Maurice
  8707 | D:8      | Found a burning altar of Makhleb.
  8745 | D:8      | Found a sand-covered staircase.
  9696 | D:8      | Noticed Harold
  9699 | D:8      | Noticed a komodo dragon
  9717 | D:8      | Killed Harold
  9717 | D:8      | Reached skill level 5 in Invocations
  9732 | D:8      | Killed a komodo dragon
  9732 | D:8      | Reached XP level 10. HP: 23/80 MP: 15/17
 10075 | D:8      | Slain by a komodo dragon

Skill      XL: |  1  2  3  4  5  6  7  8  9 10 |
---------------+-------------------------------+-----
Invocations    | 1 2 3 4 5 |  5.4
Short Blades   | 1 2 3 4 |  4.9
Axes           | 1 2 3 4 |  4.9
Maces & Flails | 1 2 3 4 |  4.9
Polearms       | 1 2 3 4 |  4.9
Staves         | 1 2 3 4 |  4.9
Slings         | 1 2 3 4 |  4.9
Bows           | 1 2 3 4 |  4.9
Crossbows      | 1 2 3 4 |  4.9
Throwing       | 1 2 3 4 |  4.9
Armour         | 1 2 3 4 |  4.9
Shields        | 1 2 3 4 |  4.9
Unarmed Combat | 1 2 3 4 |  4.9
Spellcasting   | 1 2 3 4 |  4.9
Evocations     | 1 2 3 4 |  4.9
Conjurations   | 1 2 3 4 |  4.0
Hexes          | 1 2 3 4 |  4.0
Charms         | 1 2 3 4 |  4.0
Summonings     | 1 2 3 4 |  4.0
Necromancy     | 1 2 3 4 |  4.0
Translocations | 1 2 3 4 |  4.0
Transmutations | 1 2 3 4 |  4.0
Fire Magic     | 1 2 3 4 |  4.0
Ice Magic      | 1 2 3 4 |  4.0
Air Magic      | 1 2 3 4 |  4.0
Earth Magic    | 1 2 3 4 |  4.0
Poison Magic   | 1 2 3 4 |  4.0
Fighting       | 7 8 |  8.3
Long Blades    | 7 8 |  8.3
Dodging        | 7 8 |  8.3
Stealth        | 5 6 |  6.5

Action                   |  1- 3 |  4- 6 |  7- 9 | 10-12 || total
-------------------------+-------+-------+-------+-------++-------
Melee: Falchion          |    85 |   183 |   443 |       ||   711
       Bite              |     9 |    32 |    97 |     7 ||   145
       Punch             |     1 |     4 |    12 |       ||    17
       Great sword       |       |       |    46 |    18 ||    64
Invok: Recall Undead Sla |       |       |     1 |       ||     1
       Animate Dead      |       |       |    11 |     1 ||    12
  Use: Scroll            |       |     2 |     1 |       ||     3
 Stab: Sleeping          |     8 |     9 |     6 |       ||    23
       Distracted        |       |     1 |     1 |       ||     2
  Eat: Chunk             |       |    10 |    12 |       ||    22
       Ration            |       |       |     3 |       ||     3
Armor: Robe              |    17 |    10 |       |       ||    27
       Ring mail         |       |    26 |   125 |     3 ||   154
Dodge: Dodged            |    68 |   126 |   342 |    11 ||   547
       Rpst.: Falchion   |    20 |    46 |    94 |       ||   160
       Great sword       |       |       |    15 |     2 ||    17
